 Dungeon Crawl Stone Soup version 0.31.0-1-g2c135a008e (webtiles) character file.

Game seed: 3967552361442527976

115 qw the Shooter (level 5, 0/40 HPs)
             Began as a Djinni Hunter on Jan 23, 2024.
             Slain by an orc
             ... wielding a +4 flail
              (7 damage)
             ... on level 3 of the Dungeon.
             The game lasted 00:00:07 (2020 turns).

qw the Shooter (Djinni Hunter)                      Turns: 2020, Time: 00:00:08

Health: 0/40       AC:  6    Str: 10    XL:     5   Next: 20%
Gold:   69         EV: 10    Int: 11    God:
                   SH:  0    Dex: 16

rFire   + + .        a - +0 shortbow
rCold   x . .        (shield currently unavailable)
rNeg    . . .        e - +0 ring mail
rPois   inf          (helmet restricted)
rElec   .            b - +0 cloak
rCorr   .            (no gloves)
SInv    .            (boots unavailable)
Will    .....        h - amulet of the acrobat
Stlth   +            (no ring)
HPRegen 0.26/turn    (no ring)
MPRegen 0.00/turn

%: acrobat, infuse magic (-1 HP)
@: flying
A: sickness immunity, fire resistance 2, cold vulnerability 1, float, innate
caster, HP casting, extra vitality 1, horns 1, clumsy 1
a: no special abilities


You were on level 3 of the Dungeon.
You visited 1 branch of the dungeon, and saw 3 of its levels.
You also visited: Sewer.

You collected 69 gold pieces.


Innate Abilities, Weirdness & Mutations

You are immune to sickness and miasma.
You are immune to poison.
Your flesh is very heat resistant. (rF++)
You are vulnerable to cold. (rC-)
You float through the air rather than walking.
You learn spells naturally, not from books.
Your magical power is your life essence.
You have superior vitality. (+4 MHP)
You have a pair of small horns on your head.
You are clumsy. (Dex -2)


   Skills:
 - Level 3.0 Fighting
 + Level 4.5 Ranged Weapons
 - Level 1.1 Armour
 - Level 2.1 Dodging
 - Level 0.7 Stealth


You knew the following spells:

 Your Spells              Type           Power      Damage    Failure   Level
a - Foxfire               Conj/Fire      0%         2x1d4     65%         1
b - Scorch                Fire           0%         2d5       80%         2
Your spell library was empty.

Inventory:

Hand Weapons
 a - a +0 shortbow (weapon)
Armour
 b - a +0 cloak (worn)
 e - a +0 ring mail (worn)
Jewellery
 h - an amulet of the acrobat (around neck)
 l - a +4 ring of slaying {mikee}
Wands
 g - a wand of paralysis (10)
Potions
 c - a potion of cancellation {unknown}
 d - a potion of enlightenment {unknown}
 f - a potion of invisibility {unknown}
 i - a potion of heal wounds
 j - a potion of lignification {unknown}
 k - 3 potions of curing

Dungeon Overview and Level Annotations

Branches:
Dungeon (3/15)              Sewer (visited)

Altars:


Message History

You shoot an arrow. The arrow hits the orc.
The orc is moderately wounded.
The orc barely misses you.
An orc comes into view. It is wielding a +4 flail.
You shoot an arrow. The orc shouts!
The arrow hits the orc but does no damage.
The orc is moderately wounded.
The orc hits you but does no damage. The orc hits you with a +0 flail!
You shoot an arrow.
The arrow hits the orc but does no damage.
The orc is moderately wounded.
The orc hits you but does no damage. The orc misses you.
You shoot an arrow. The arrow hits the orc.
You kill the orc!
The orc hits you but does no damage.
You shoot an arrow. The arrow hits the orc!
You kill the orc!
The orc hits you with a +0 dagger. The orc hits you but does no damage.
You shoot an arrow. The arrow hits the orc.
The orc is moderately wounded.
The orc hits you with a +0 dagger.
You shoot an arrow. The arrow completely misses the orc.
The orc hits you but does no damage. The orc closely misses you.
The orc hits you but does no damage. x2
You shoot an arrow. The arrow closely misses the orc.
The orc closely misses you. x2
You shoot an arrow. The arrow hits the orc!
You kill the orc!
The orc hits you with a +4 flail.
You shoot an arrow. The arrow hits the orc.
The orc is severely wounded.
The orc hits you with a +4 flail. x2
You shoot an arrow. The arrow barely misses the orc.
The orc hits you with a +4 flail.
You shoot an arrow. The arrow closely misses the orc.
The orc closely misses you.
You shoot an arrow. The arrow closely misses the orc.
The orc hits you with a +4 flail! x2
You die...

' .. .............. ..
.............. #
..............
.............
....:........ .)
............. ... ..#
#.....o$# ..####.#
#......@####### ..#....#
###............ ..#....#
#..............
.......###.####.........
.........#..............
.....#.#.#..............
...###..................
.#......................
.#####..###.............


You could see an orc.

Vanquished Creatures
  3 adders
  2 river rats
  5 orcs (D:3)
  7 endoplasms
  3 giant cockroaches
  3 goblins
  6 hobgoblins
  3 quokkas
  10 ball pythons
  4 bats
  6 frilled lizards
  8 kobolds
  3 rats
63 creatures vanquished.

Notes
Turn   | Place    | Note
-------+----------+-------------------------------------------
     0 | D:1      | qw the Djinni Hunter began the quest for the Orb.
     0 | D:1      | Reached XP level 1. HP: 18/18 MP: 0/0
     0 | D:1      | 0 ||| qw: Version: 0.3-a-136-gdd3b4e8
     0 | D:1      | 0 ||| qw: Game counter: 1080
     0 | D:1      | 0 ||| qw: Melee chars always use a shield: true
     0 | D:1      | 0 ||| qw: God list: Okawaru
     0 | D:1      | 0 ||| qw: Allow faded altars: false
     0 | D:1      | 0 ||| qw: Do Orc after clearing Dungeon:15 true
     0 | D:1      | 0 ||| qw: Do second Lair branch before Depths: true
     0 | D:1      | 0 ||| qw: Lair rune preference: random
     0 | D:1      | 0 ||| qw: Goals: Normal
     0 | D:1      | 0 ||| PLANNING D:1-11
   363 | D:1      | Reached XP level 2. HP: 23/23 MP: 0/0
   708 | D:1      | 708 ||| UPGRADING to +0 ring mail.
   718 | D:1      | 718 ||| DROPPING +0 leather armour.
   719 | D:1      | 719 ||| UPGRADING to amulet of the acrobat.
   724 | D:1      | 724 ||| READING 2 scrolls labelled GIEWAG WOIKI.
   724 | D:1      | 724 ||| IDENTIFYING viscous brown potion
   725 | D:1      | 725 ||| DRINKING potion of mutation.
   725 | D:1      | Gained mutation: You are clumsy. (Dex -2) [potion of
                  | mutation]
   725 | D:1      | Gained mutation: You have a pair of small horns on your
                  | head. [potion of mutation]
   726 | D:1      | 726 ||| READING scroll of identify.
   726 | D:1      | 726 ||| IDENTIFYING blue potion
   727 | D:1      | 727 ||| READING scroll labelled ZOVOVE ONKAR.
   728 | D:1      | 728 ||| DRINKING 3 fuming emerald potions.
   729 | D:1      | 729 ||| DROPPING scroll of butterflies.
   830 | D:2      | Reached skill level 4 in Ranged Weapons
   830 | D:2      | Reached XP level 3. HP: 24/28 MP: 0/0
   830 | D:2      | Learned a level 1 spell: Foxfire
   950 | D:2      | Reached skill level 1 in Armour
  1182 | D:2      | Reached XP level 4. HP: 33/33 MP: 0/0
  1683 | D:2      | 1683 ||| UPGRADING to +0 cloak.
  1688 | D:2      | 1688 ||| READING scroll labelled PIZXI GAGG.
  1736 | D:3      | 1736 ||| PLANNING SEWER
  1738 | D:3      | 1738 ||| STAIRDANCE
  1843 | D:3      | Reached skill level 3 in Fighting
  1860 | D:3      | Found a glowing drain.
  1880 | Sewer    | Entered a sewer
  1897 | Sewer    | Reached XP level 5. HP: 40/40 MP: 0/0
  1897 | Sewer    | Learned a level 2 spell: Scorch
  1928 | D:3      | 1928 ||| PLANNING D:1-11
  2020 | D:3      | HP: 7/40 [orc/+4 flail (7)]
  2020 | D:3      | Slain by an orc

Levels and vault maps discovered:
D:1:      amcnicky_arrival_single_pillar, layout_loops_ring
D:2:      layout_loops_corners
D:3:      layout_basic, portal_sewer_entry_a, grunt_decor_cap, uniq_grinder

Skill      XL: |  1  2  3  4 |
---------------+-------------+-----
Ranged Weapons | 4 |  4.5
Armour         | 1 |  1.1
Fighting       | 3 |  3.0
Dodging        | |  2.1
Stealth        | |  0.7

Action                     |  1- 3 |  4- 6 || total
---------------------------+-------+-------++-------
   Fire: Shortbow          |    99 |    80 ||   179
    Use: Scroll            |     3 |     1 ||     4
         Potion            |     2 |       ||     2
 Armour: Leather armour    |    10 |       ||    10
         Ring mail         |    21 |    28 ||    49
  Dodge: Dodged            |    49 |    20 ||    69

Table legend:
 A = Non-vault XP
 B = Vault XP
 C = Vault XP percentage of total XP
 D = Non-vault monster count
 E = Vault monster count
 F = Vault count percentage of total count
                 A         B        C        D         E       F
            +---------+---------+-------+---------+---------+-------
      Total |     130 |      35 |  21.2 |      55 |       8 |  12.7
            +---------+---------+-------+---------+---------+-------
        D:1 |      21 |       0 |   0.0 |      13 |       0 |   0.0
        D:2 |      69 |       0 |   0.0 |      28 |       0 |   0.0
        D:3 |      40 |      19 |  32.2 |      14 |       5 |  26.3
      Sewer |       0 |      16 | 100.0 |       0 |       3 | 100.0
            +---------+---------+-------+---------+---------+-------
